 Dungeon Crawl Stone Soup version 0.30-a0-23-ge60ba3568b (webtiles) character file.

Game seed: 6004464123158302346

136 freelancePsychic the Shooter (level 5, -3/31 HPs)
             Began as a Kobold Arcane Marksman on Aug 25, 2022.
             Slain by Sigmund
             ... wielding a +2 scythe of freezing
              (4 damage)
             ... on level 3 of the Dungeon.
             The game lasted 00:04:31 (3115 turns).

freelancePsychic the Shooter (KoAM)                 Turns: 3115, Time: 00:04:31

Health: -3/31      AC:  3    Str:  6    XL:     5   Next: 43%
Magic:  6/6        EV: 15    Int: 13    God:
Gold:   112        SH:  0    Dex: 22    Spells: 5/6 levels left

rFire   . . .      SeeInvis .    a - +1 sling
rCold   . . .      Faith    .    (no shield)
rNeg    . . .      Spirit   .    c - +0 robe
rPois   .          Reflect  .    (no helmet)
rElec   .          Harm     .    (no cloak)
rCorr   .          Rampage  .    e - +0 pair of gloves
Will    .....                    (no boots)
Stlth   ++++......               (no amulet)
HPRegen 0.10/turn                (no ring)
MPRegen 0.10/turn                (no ring)

@: no status effects
A: small, no large weapons, nightstalker 3, talons 1, agile 1, wild magic 1
a: no special abilities


You were on level 3 of the Dungeon.
You visited 1 branch of the dungeon, and saw 3 of its levels.

You collected 112 gold pieces.

Inventory:

Hand Weapons
 a - a +1 sling (weapon)
Armour
 c - a +0 robe (worn)
 e - a +0 pair of gloves (worn)
Scrolls
 b - 3 scrolls of poison
 f - 2 scrolls of teleportation {unknown}
 g - 4 scrolls of identify {unknown}
 h - a scroll of amnesia {unknown}
 i - a scroll of enchant weapon {unknown}
 k - a scroll of noise {unknown}
 l - 2 scrolls of butterflies {unknown}
 m - a scroll of immolation {unknown}
 o - 2 scrolls of vulnerability {unknown}
Potions
 d - a potion of curing {unknown}
 j - a potion of experience {unknown}
 n - a potion of brilliance {unknown}
 p - a potion of mutation
 q - a potion of heal wounds {unknown}


   Skills:
 + Level 2.4 Fighting
 * Level 4.8 Ranged Weapons
 - Level 2.4 Dodging
 * Level 4.1 Stealth
 - Level 1.1 Spellcasting
 - Level 3.0 Hexes


You had 5 spell levels left.
You knew the following spells:

 Your Spells              Type           Power      Damage    Failure   Level
a - Slow                  Hex            44%        N/A       13%         1

Your spell library contained the following spells:

 Spells                   Type           Power      Damage    Failure   Level
 Sting                    Tmut/Pois      0%         1d3       36%         1
 Poisonous Vapours        Pois/Air       0%         N/A       47%         2
 Inner Flame              Hex/Fire       5%         N/A       50%         3
 Portal Projectile        Hex/Tloc       10%        N/A       50%         3
 Cause Fear               Hex            5%         N/A       71%         4
 Olgreb's Toxic Radiance  Pois           0%         N/A       97%         4


Dungeon Overview and Level Annotations

Branches:
Dungeon (3/15)

Altars:
Cheibriados

Annotations:
D:3 Sigmund


Innate Abilities, Weirdness & Mutations

You are small and have problems with some larger weapons.
You are completely attuned to the shadows.
You have sharp toenails.
You are agile. (Dex +4, Str/Int -1)
Your spells are a little harder to cast, but a little more powerful.


Message History

The hound is heavily wounded.
The hound misses you.
The hound stops to sniff the ground.
The hound bites you.
You shoot a sling bullet. The sling bullet hits the hound.
The hound is heavily wounded.
The hound barely misses you. Something hits you. Something freezes you.
The hound closely misses you.
You are too injured to fight recklessly!
You are too injured to fight recklessly!
You are too injured to fight recklessly!
You are too injured to fight recklessly!
You are too injured to fight recklessly!
You are too injured to fight recklessly!
You are too injured to fight recklessly!
You are too injured to fight recklessly!
You are too injured to fight recklessly!
You are too injured to fight recklessly!
You are too injured to fight recklessly!
You are too injured to fight recklessly!
You are too injured to fight recklessly!
You are too injured to fight recklessly!
You are too injured to fight recklessly!
You are too injured to fight recklessly!
Fire: a) +1 sling
Press: ? - help, Shift-Dir - straight line, f/p - hound
Aim: a hound (heavily wounded, 56% to hit)
You shoot a sling bullet. The sling bullet hits the hound!
You kill the hound!
Something hits you! Something freezes you.
Your Stealth skill increases to level 4!
Fire: a) +1 sling
Press: ? - help, Shift-Dir - straight line, f - hound
Aim: a hound (heavily wounded, 56% to hit)
You shoot a sling bullet. The sling bullet hits the hound!
You kill the hound!
Something hits you!
* * * LOW HITPOINT WARNING * * *
Something freezes you.
You die...

######### #.#........
#.#........ .........
#.#........
..........####.#........
!..$....................
......##..####.#........
..#..##..####.#........
.......@.......#........
.#.#..##..####.#........
#.#..##.<####.#........
#.............#........
.....#.##########...##
@.#.##..# ### ###...#
...< #..###<# #...###
... .......# #...#
#..###.# #...#


There were no monsters in sight!

Vanquished Creatures
  2 hounds (D:3)
  5 adders (D:2)
  An orc (D:3)
  5 bats
  2 endoplasms
  6 giant cockroaches
  4 goblins
  3 hobgoblins
  12 jackals
  2 quokkas
  A ball python (D:2)
  3 frilled lizards
  5 kobolds
  4 rats
55 creatures vanquished.

Notes
Turn   | Place    | Note
-------+----------+-------------------------------------------
     0 | D:1      | freelancePsychic the Kobold Arcane Marksman began the quest
                  | for the Orb.
     0 | D:1      | Reached XP level 1. HP: 12/12 MP: 2/2
   163 | D:1      | Reached skill level 1 in Stealth
   174 | D:1      | Reached XP level 2. HP: 8/16 MP: 3/3
   748 | D:1      | You fall into a shaft and drop 1 floor!
   817 | D:1      | Reached XP level 3. HP: 20/20 MP: 4/4
  1385 | D:2      | Reached XP level 4. HP: 13/26 MP: 5/5
  2178 | D:2      | Gained mutation: You are clumsy. (Dex -2) [potion of
                  | mutation]
  2178 | D:2      | Gained mutation: Your flesh is heat resistant. (rF+)
                  | [potion of mutation]
  2180 | D:2      | Reached XP level 5. HP: 7/30 MP: 6/6
  2180 | D:2      | Lost mutation: You are clumsy. (Dex -2) [potion of
                  | mutation]
  2180 | D:2      | Lost mutation: Your flesh is heat resistant. (rF+) [potion
                  | of mutation]
  2180 | D:2      | Gained mutation: You are agile. (Dex +4, Str/Int -1)
                  | [potion of mutation]
  2180 | D:2      | Gained mutation: Your spells are a little harder to cast,
                  | but a little more powerful. [potion of mutation]
  2180 | D:2      | Gained mutation: You have sharp toenails. [potion of
                  | mutation]
  2888 | D:3      | Found a snail-covered altar of Cheibriados.
  3098 | D:3      | Noticed Sigmund
  3115 | D:3      | HP: 1/31 [something (10)]
  3115 | D:3      | Slain by Sigmund

Illustrated notes

Levels and vault maps discovered:
D:1:      lightli_arrival_quake, layout_loops_ring,
          chequers_serial_rivers_micro_a
D:2:      layout_rooms, chequers_arboretum, supply_closet_lemuel
D:3:      layout_basic, nicolae_overflow_ecumenical_swirl,
          mainiacjoe_overflow_paths, nicolae_overflow_hidden_temple,
          kennysheep_nub, corexii_shack, uniq_sigmund

Skill      XL: |  1  2  3  4  5 |
---------------+----------------+-----
Ranged Weapons | 3 4 |  4.8
Stealth        | 1 2 3 4 |  4.1
Fighting       | 2 |  2.4
Dodging        | |  2.4
Spellcasting   | |  1.1
Hexes          | |  3.0

Action                   |  1- 3 |  4- 6 || total
-------------------------+-------+-------++-------
 Fire: Sling             |    79 |    98 ||   177
  Use: Potion            |       |     2 ||     2
Armor: Robe              |    10 |    10 ||    20
Dodge: Dodged            |    47 |    69 ||   116

Table legend: (Time is in decaauts)
 A = Elapsed time spent in this place.
 B = Non-inter-level travel time spent in this place.
 C = Inter-level travel time spent in this place.
 D = Time resting spent in this place.
 E = Time spent auto-exploring this place.
 F = Levels seen in this place.
 G = Mean time per level.
                   A        B        C        D        E       F      G
               +--------+--------+--------+--------+--------+-----+--------+
         Total |   3152 |   3079 |     73 |      0 |   2748 |   3 | 1050.7 |
       Dungeon |   3152 |   3079 |     73 |      0 |   2748 |   3 | 1050.7 |
               +--------+--------+--------+--------+--------+-----+--------+

Top non-repeatable levels by time:
     D:2: 1499 daAuts
     D:1: 1236 daAuts
     D:3: 416 daAuts
